 Dungeon Crawl Stone Soup version 0.20-a0-351-gc9b4002 (webtiles) character file.

219 Faca the Skirmisher (level 5, -3/47 HPs)
             Began as a Minotaur Berserker on Dec 26, 2016.
             Was a Priest of Trog.
             Slain by an iguana (6 damage)
             ... on level 4 of the Dungeon.
             The game lasted 00:06:22 (2611 turns).

Faca the Skirmisher (Minotaur Berserker)            Turns: 2611, Time: 00:06:23

Health: -3/47      AC: 18    Str: 21 (23) XL:     5   Next: 63%
Magic:  4/4        EV:  3    Int:  3 (4)  God:    Trog [***...]
Gold:   136        SH:  0    Dex:  6 (9)  Spells: 4/4 levels left

rFire  . . .     SeeInvis .     a - +0 hand axe
rCold  . . .     Gourm    .     e - +0 crystal plate armour
rNeg   . . .     Faith    .     (no shield)
rPois  .         Spirit   .     (helmet restricted)
rElec  .         Reflect  .     (no cloak)
rCorr  .         Harm     +     (no gloves)
MR     .....                    g - +0 pair of boots
Stlth  ..........               i - amulet of harm
                                (no ring)
                                (no ring)

@: no status effects
A: retaliatory headbutt, horns 2
a: Berserk, Trog's Hand, Burn Spellbooks, Renounce Religion


You were on level 4 of the Dungeon.
You worshipped Trog.
Trog was most pleased with you.
You were not hungry.

You visited 1 branch of the dungeon, and saw 4 of its levels.

You collected 136 gold pieces.

Inventory:

Hand Weapons
 a - a +0 hand axe (weapon)
Missiles
 b - 51 arrows
Armour
 e - a +0 crystal plate armour (worn)
 g - a +0 pair of boots (worn)
Jewellery
 i - an amulet of harm (around neck)
Scrolls
 o - 2 scrolls of teleportation
Potions
 f - a potion of brilliance
 h - 2 potions of might {unknown}
 j - a potion of agility {unknown}
 k - a potion of curing {unknown}
 n - a potion of ambrosia {unknown}
 p - a potion of heal wounds {unknown}
Comestibles
 c - a bread ration
 d - 4 fruits
 l - a beef jerky
 m - 2 meat rations


   Skills:
 + Level 4.9 Fighting
 + Level 4.8 Axes
 + Level 4.5 Armour
 + Level 3.5 Dodging


You had 4 spell levels left.
You didn't know any spells.

Dungeon Overview and Level Annotations

Branches:
Dungeon (4/15)
 Temple: D:4-7

Altars:
Ashenzari
Fedhas
Gozag
Hepliaklqana
Qazlal
Trog
Yredelemnul


Innate Abilities, Weirdness & Mutations

You reflexively headbutt those who attack you in melee.
You have a pair of horns on your head.


Message History

You hit the ogre but do no damage. You headbutt the ogre!
The ogre is severely wounded.
The ogre hits you but does no damage.
You hit the ogre. Your headbutt misses the ogre.
The ogre is almost dead.
The ogre barely misses you.
You closely miss the ogre.
The ogre is almost dead.
The ogre hits you with a giant club!
* * * LOW HITPOINT WARNING * * *
You hit the ogre but do no damage.
The ogre is almost dead.
You hit the ogre.
You kill the ogre!
Trog accepts your kill.
You feel your strength returning.
You feel your intelligence returning.
You hit the iguana but do no damage.
The iguana bites you but does no damage.
You hit the iguana but do no damage. The iguana bites you.
You die...

##. #..
##..## #
....# ##.##
##.........#
.....#.....#
#..
#..#l......#
.##.. #.##l#
.....##.##@#
#.?.....#
#.##.##.#
#.##.##.#
###
#....##.# .
..#
##..####.##
.##.#
#..........
#.#.#
#........#.
#.<#
#.#......#


You could see an iguana and a leopard gecko.

Vanquished Creatures
  An ogre (D:4)
  6 adders
  An ooze (D:3)
  A worm (D:3)
  3 dart slugs
  2 leopard geckos (D:3)
  6 giant cockroaches
  8 goblins
  4 hobgoblins
  9 jackals
  6 kobolds
  2 quokkas (D:2)
  3 ball pythons
  8 bats
  2 frilled lizards
  7 rats
69 creatures vanquished.

Notes
Turn   | Place    | Note
-------+----------+-------------------------------------------
     0 | D:1      | Faca the Minotaur Berserker began the quest for the Orb.
     0 | D:1      | Reached XP level 1. HP: 19/19 MP: 0/0
   169 | D:1      | Reached XP level 2. HP: 26/26 MP: 1/1
   691 | D:2      | Found an opulent altar of Gozag.
   725 | D:2      | Found a blossoming altar of Fedhas.
   796 | D:2      | Reached XP level 3. HP: 33/33 MP: 2/2
   911 | D:2      | Reached ** piety under Trog
  1118 | D:2      | Reached XP level 4. HP: 36/40 MP: 3/3
  1499 | D:3      | Found a bloodstained altar of Trog.
  2320 | D:3      | Found a basalt altar of Yredelemnul.
  2323 | D:3      | Found a shattered altar of Ashenzari.
  2326 | D:3      | Found a hazy altar of Hepliaklqana.
  2329 | D:3      | Found a stormy altar of Qazlal.
  2364 | D:3      | Reached *** piety under Trog
  2434 | D:3      | Reached XP level 5. HP: 47/47 MP: 4/4
  2598 | D:4      | Noticed an ogre
  2607 | D:4      | HP: 2/47 [ogre/giant club (15)]
  2609 | D:4      | Killed an ogre
  2611 | D:4      | Slain by an iguana

Vault maps used:
D:1:      dpeg_arrival_tiny_f, serial_bayou_pond_a
D:2:      overflow_temple_1_default, grunt_gozag_statues, first_bread
D:3:      grunt_temple_overflow_cloverleaf, overflow_temple_1_default
D:4:      uniq_crazy_yiuf_cottage, uniq_menkaure, uniq_blork_the_orc

Skill      XL: |  1  2  3  4 |
---------------+-------------+-----
Armour         | 3 4 |  4.5
Fighting       | 4 |  4.9
Axes           | 4 |  4.8
Dodging        | 3 |  3.5

Action                   |  1- 3 |  4- 6 || total
-------------------------+-------+-------++-------
Melee: Hand axe          |    92 |    94 ||   186
       Headbutt          |    13 |    17 ||    30
  Use: Scroll            |     5 |     2 ||     7
       Potion            |       |     2 ||     2
  Eat: Bread ration      |     1 |       ||     1
       Meat ration       |       |     1 ||     1
Armor: Plate armour      |    67 |    39 ||   106
       Animal skin       |     2 |       ||     2
       Crystal plate arm |       |    33 ||    33
Dodge: Dodged            |    40 |    31 ||    71
